 Dungeon Crawl Stone Soup version 0.22-a0-414-gacd343e8ff (webtiles) character file.

83 Lorindel the Digger (level 4, -6/28 HPs)
             Began as a Formicid Earth Elementalist on May 14, 2018.
             Mangled by YoungGLord's ghost (12 damage)
             ... on level 3 of the Dungeon.
             The game lasted 00:11:24 (2245 turns).

Lorindel the Digger (Formicid Earth Elementalist)   Turns: 2245, Time: 00:11:25

Health: -6/28      AC: 12    Str: 14    XL:     4   Next: 71%
Magic:  1/8        EV: 11    Int: 16    God:
Gold:   111        SH:  0    Dex: 11    Spells: 2/8 levels left

rFire    + . .     SeeInvis +   a - +0 mace
rCold    x . .     Gourm    .   (no shield)
rNeg     . . .     Faith    .   c - +4 ring mail
rPois    .         Spirit   .   (helmet unavailable)
rElec    .         Reflect  .   (no cloak)
rCorr    .         Harm     .   (no gloves)
MR       +....                  h - +0 pair of boots
Stlth    +.........             (no amulet)
HPRegen  0.09/turn              m - ring of protection from magic
MPRegen  0.11/turn              i - ring of fire

@: no status effects
A: permanent stasis, dig shafts and tunnels, four strong arms, antennae 3,
iridescent scales 1, frail 1, strong 1, MP-powered wands
a: Dig, Shaft Self


You were on level 3 of the Dungeon.
You were not hungry.

You visited 1 branch of the dungeon, and saw 3 of its levels.

You collected 111 gold pieces.

Inventory:

Hand Weapons
 a - a +0 mace (weapon)
 e - a +0 short sword
Missiles
 b - 43 stones (quivered)
Armour
 c - a +4 ring mail (worn)
 h - a +0 pair of boots (worn)
Jewellery
 i - a ring of fire (right hand)
 m - a ring of protection from magic (left hand)
Scrolls
 g - 5 scrolls of identify
Potions
 f - 2 potions of heal wounds
 l - 2 potions of mutation
Comestibles
 d - 5 rations
 j - 3 chunks of flesh


   Skills:
 + Level 1.0 Fighting
 + Level 1.3 Armour
 + Level 2.1 Dodging
 + Level 2.9 Stealth
 * Level 2.9 Spellcasting
 + Level 0.4 Conjurations
 + Level 1.5 Transmutations
 * Level 4.3 Earth Magic


You had 2 spell levels left.
You knew the following spells:

 Your Spells              Type           Power        Failure   Level  Hunger
a - Sandblast             Erth           ###...       6%          1    #......
b - Passwall              Tmut/Erth      ##........   17%         2    ##.....
c - Stone Arrow           Conj/Erth      ##....       41%         3    ###....

Your spell library contained the following spells:

 Spells                   Type           Power        Failure   Level  Hunger
 Lee's Rapid Deconstruct  Erth           ###.......   87%         5    ######.
 Petrify                  Tmut/Erth      ##......     75%         4    #####..


Dungeon Overview and Level Annotations

Branches:
Dungeon (3/15)

Altars:
Wu Jian

Annotations:
D:3 YoungGLord's ghost, amateur MiFi


Innate Abilities, Weirdness & Mutations

You cannot be hasted, slowed, berserked, paralysed or teleported.
You can dig through walls and to a lower floor.
Your four strong arms can wield two-handed weapons with a shield.
You have a pair of large antennae on your head. (SInv)
You are partially covered in iridescent scales. (AC +2)
You are frail. (-10% HP)
Your muscles are strong. (Str +2)
You expend magic power (3 MP) to strengthen your wands.


Message History

You feel much better.
YoungGLord's ghost hits you but does no damage.
The orc hits you but does no damage.
You completely miss YoungGLord's ghost.
YoungGLord's ghost is moderately damaged.
YoungGLord's ghost hits you!
The orc barely misses you.
You hit YoungGLord's ghost but do no damage.
YoungGLord's ghost is moderately damaged.
YoungGLord's ghost hits you but does no damage.
The orc hits you with a mace.
YoungGLord's ghost barely misses you.
You hit YoungGLord's ghost but do no damage.
YoungGLord's ghost is moderately damaged.
The orc hits you but does no damage.
YoungGLord's ghost hits you but does no damage.
You hit YoungGLord's ghost.
YoungGLord's ghost is heavily damaged.
The orc hits you but does no damage.
YoungGLord's ghost hits you!
* * * LOW HITPOINT WARNING * * *
YoungGLord's ghost hits you!
You die...

#.......#
#..$....#####
#...........#
#...........#
#...........+
#..........
#....o..#
#..).@..#
#...W...#
###.#..!#
#.#.#.# #
#<#.# ###.#
.# .# { .. {


You could see YoungGLord's ghost and an orc.

Vanquished Creatures
  2 adders (D:2)
  An ooze (D:1)
  2 worms (D:2)
  A dart slug (D:2)
  A leopard gecko (D:2)
  2 giant cockroaches
  4 goblins
  9 hobgoblins
  12 jackals
  A ball python (D:2)
  2 bats (D:2)
  4 frilled lizards
  3 kobolds
  5 rats
49 creatures vanquished.

Notes
Turn   | Place    | Note
-------+----------+-------------------------------------------
     0 | D:1      | Lorindel the Formicid Earth Elementalist began the quest for the Orb.
     0 | D:1      | Reached XP level 1. HP: 13/13 MP: 3/3
   401 | D:1      | Reached XP level 2. HP: 19/19 MP: 1/5
   405 | D:1      | Learned a level 2 spell: Passwall
   486 | D:1      | Found an ornate altar of the Wu Jian Council.
   768 | D:1      | Reached XP level 3. HP: 24/25 MP: 6/6
   944 | D:1      | Learned a level 3 spell: Stone Arrow
  1252 | D:2      | Reached skill level 4 in Earth Magic
  1344 | D:2      | Reached skill level 1 in Armour
  1348 | D:2      | Reached XP level 4. HP: 29/31 MP: 0/8
  1617 | D:2      | Reached skill level 1 in Fighting
  2231 | D:3      | Noticed YoungGLord's ghost (amateur MiFi)
  2233 | D:3      | Gained mutation: Your muscles are strong. (Str +2) [potion of mutation]
  2233 | D:3      | Gained mutation: You are partially covered in iridescent scales. (AC +2) [potion of mutation]
  2233 | D:3      | Gained mutation: You are frail. (-10% HP) [potion of mutation]
  2233 | D:3      | Gained mutation: You expend magic power (3 MP) to strengthen your wands. [potion of mutation]
  2245 | D:3      | Mangled by YoungGLord's ghost

Vault maps used:
D:1:      mainiacjoe_arrival_reflecting_pool, minmay_hexomino_r4
D:2:      amethyst_killhole, minmay_misc_feat_room, kennysheep_generic_room_9
D:3:      lemuel_blue_sif_altar, minmay_misc_feat_roman, guppyfry_early_orc_mine

Skill      XL: |  1  2  3  4 |
---------------+-------------+-----
Dodging        | 2 |  2.1
Earth Magic    | 4 |  4.3
Armour         | 1 |  1.3
Fighting       | 1 |  1.0
Stealth        | |  2.9
Spellcasting   | |  2.9
Conjurations   | |  0.4
Transmutations | |  1.5

Action                   |  1- 3 |  4- 6 || total
-------------------------+-------+-------++-------
Melee: Dagger            |    27 |       ||    27
       Short sword       |    15 |    10 ||    25
       Mace              |       |    48 ||    48
 Cast: Sandblast         |    30 |    29 ||    59
       Passwall          |     2 |       ||     2
  Use: Scroll            |       |     4 ||     4
       Potion            |       |     2 ||     2
  Eat: Chunk             |     1 |     4 ||     5
Armor: Robe              |     1 |       ||     1
       Leather armour    |    11 |       ||    11
       Ring mail         |       |    53 ||    53
Dodge: Dodged            |    37 |    44 ||    81

Table legend:
 A = Spawn XP
 B = Non-spawn XP
 C = Spawn XP percentage of total XP
 D = Spawn monster count
 E = Non-spawn monster count
 F = Spawn count percentage of total count
 G = Total turns spent on level
                    A         B        C        D         E        F      G
               +---------+---------+-------+---------+---------+-------+---------
         Total |       0 |     119 |   0.0 |       0 |      49 |   0.0 |  2245
               +---------+---------+-------+---------+---------+-------+---------
           D:1 |       0 |      35 |   0.0 |       0 |      18 |   0.0 |  1227
           D:2 |       0 |      82 |   0.0 |       0 |      30 |   0.0 |   998
           D:3 |       0 |       2 |   0.0 |       0 |       1 |   0.0 |    20
               +---------+---------+-------+---------+---------+-------+---------
